 Dungeon Crawl Stone Soup version 0.22.1-6-g1668fe2 (webtiles) character file.

515 Fang the Chopper (level 7, 0/66 HPs)
             Began as a Gargoyle Berserker on Feb 1, 2019.
             Was a Believer of Trog.
             Slain by an ogre
             ... wielding a +0 giant club
              (4 damage)
             ... on level 4 of the Dungeon.
             The game lasted 00:03:18 (3527 turns).

Fang the Chopper (Gargoyle Berserker)               Turns: 3527, Time: 00:03:19

Health: 0/66       AC: 16    Str: 28    XL:     7   Next: 20%
Magic:  7/7        EV:  8    Int:  7    God:    Trog [**....]
Gold:   201        SH:  0    Dex:  9    Spells: 6/6 levels left

rFire    . . .     SeeInvis .   a - +0 hand axe
rCold    . . .     Gourm    .   (no shield)
rNeg     + . .     Faith    .   m - +0 plate armour
rPois    ∞         Spirit   .   (no helmet)
rElec    +         Reflect  .   (no cloak)
rCorr    +         Harm     .   (no gloves)
MR       .....                  (no boots)
Stlth    ..........             (no amulet)
HPRegen  0.21/turn              d - ring of resist corrosion
MPRegen  0.10/turn              l - ring of attention (curse)

@: berserking, very quick
A: negative energy resistance 1, electricity resistance, unbreathing,
petrification resistance, rot immunity, AC +4
a: Berserk, Trog's Hand, Renounce Religion


You were on level 4 of the Dungeon.
You worshipped Trog.
Trog was pleased with you.
You were near starving.

You visited 1 branch of the dungeon, and saw 4 of its levels.

You collected 201 gold pieces.

Inventory:

Hand Weapons
 a - a +0 hand axe (weapon)
Armour
 m - a +0 plate armour (worn)
Jewellery
 d - a ring of resist corrosion (left hand)
 l - a cursed ring of attention (right hand)
Scrolls
 b - a scroll of amnesia {unknown}
 e - 3 scrolls of remove curse {unknown}
 f - a scroll of identify {unknown}
 h - a scroll of immolation {unknown}
 n - a scroll of enchant weapon {unknown}
 o - 3 scrolls of teleportation {unknown}
Potions
 i - 5 potions of curing {unknown}
 j - a potion of cancellation {unknown}
 k - a potion of resistance {unknown}
 p - a potion of degeneration {unknown}
Comestibles
 c - 6 rations


   Skills:
 + Level 4.7 Fighting
 + Level 5.6 Axes
 + Level 3.9 Armour
 + Level 2.3 Dodging
 + Level 0.3 Stealth


You had 6 spell levels left.
You didn't know any spells.
Your spell library was empty.

Dungeon Overview and Level Annotations

Branches:
Dungeon (4/15)
 Temple: D:4-7

Altars:
Nemelex Xobeh
Xom

Annotations:
D:4 1 runed door


Innate Abilities, Weirdness & Mutations

You are resistant to torment.
Your stone body is resilient. (AC +4)
You are immune to poison.
You resist negative energy. (rN+)
You are resistant to electric shocks. (rElec)
You can survive without breathing.
You are immune to petrification.
You are immune to rotting.


Message History

Unknown command.
A red film seems to cover your vision as you go berserk!
You feel yourself moving faster!
You feel mighty!
You are near starving!
The ogre hits you with a giant club!
* * * LOW HITPOINT WARNING * * *
The ogre hits you with a giant spiked club.
* * * LOW HITPOINT WARNING * * *
You slash the ogre!
The ogre is heavily wounded.
You hit the ogre. The ogre barely misses you.
Unknown command.
You closely miss the ogre.
The ogre is heavily wounded.
You barely miss the ogre. The ogre barely misses you.
Unknown command.
You barely miss the ogre.
The ogre is heavily wounded.
You slash the ogre! The ogre hits you with a giant club.
You die...

# ..## ## #....
.# .. .###..#
.### #. .....# #.
...###. #...##
#.# #.....# ##..#
#.# #.....# ##.#
#.# #.....# #.##
#.## #..O..# ##.#
##..# #.@O.#
#.###...####...##
#......>......##
##...#.####.##.#
####...#.## #.##
## #...####.# #.#
##### ####.# ..#
###


You could see 2 ogres.

Vanquished Creatures
  A phantom (D:4)
  An ice beast (D:4)
  A crimson imp (D:2)
  An orc wizard (D:3)
  A bullfrog skeleton (D:4)
  2 orc priests (D:3)
  A hound (D:4)
  A worker ant (D:4)
  3 adders
  3 worms (D:2)
  4 dart slugs
  2 leopard geckos
  9 orcs
  4 bats
  4 giant cockroaches
  4 goblins
  15 hobgoblins
  7 jackals
  8 kobolds
  2 quokkas (D:3)
  3 frilled lizards
  5 rats
82 creatures vanquished.

Notes
Turn   | Place    | Note
-------+----------+-------------------------------------------
     0 | D:1      | Fang the Gargoyle Berserker began the quest for the Orb.
     0 | D:1      | Reached XP level 1. HP: 14/14 MP: 1/1
   100 | D:1      | Reached XP level 2. HP: 19/19 MP: 2/2
   143 | D:1      | Reached skill level 3 in Axes
   596 | D:2      | Reached XP level 3. HP: 16/24 MP: 3/3
   693 | D:2      | Found a shimmering altar of Xom.
   886 | D:2      | Reached XP level 4. HP: 10/29 MP: 4/4
  1128 | D:2      | Reached ** piety under Trog
  1231 | D:2      | Reached skill level 4 in Axes
  1543 | D:3      | Found a sparkling altar of Nemelex Xobeh.
  1603 | D:3      | Reached XP level 5. HP: 33/33 MP: 5/5
  2063 | D:3      | Reached XP level 6. HP: 39/39 MP: 6/6
  2748 | D:4      | Reached skill level 5 in Axes
  2835 | D:4      | Found a runed gate.
  2846 | D:4      | Noticed a phantom
  2892 | D:4      | Killed a phantom
  3110 | D:4      | Noticed an ice beast
  3139 | D:4      | Killed an ice beast
  3139 | D:4      | Reached XP level 7. HP: 20/44 MP: 7/7
  3527 | D:4      | Slain by an ogre

Skill      XL: |  1  2  3  4  5  6 |
---------------+-------------------+-----
Axes           | 3 4 5 |  5.6
Fighting       | 4 |  4.7
Dodging        | 2 |  2.3
Armour         | 3 |  3.9
Stealth        | |  0.3

Action                   |  1- 3 |  4- 6 |  7- 9 || total
-------------------------+-------+-------+-------++-------
Melee: Hand axe          |   165 |   245 |    14 ||   424
Invok: Berserk           |       |     1 |     1 ||     2
  Eat: Chunk             |       |     8 |     1 ||     9
Armor: Animal skin       |    13 |       |       ||    13
       Scale mail        |    74 |   111 |     7 ||   192
Dodge: Dodged            |   102 |   122 |    12 ||   236
